 Dungeon Crawl Stone Soup version 0.27-a0-1147-gb3d8e82157 (webtiles) character file.

Game seed: 7812721337374392608

86 freelancePsychic the Magician (level 4, -5/32 HPs)
             Began as a Gnoll Hedge Wizard on May 11, 2021.
             Was an Initiate of Cheibriados.
             Slain by an ice beast (9 damage)
             ... on level 3 of the Dungeon.
             The game lasted 00:04:57 (2217 turns).

freelancePsychic the Magician (Gnoll Hedge Wizard)  Turns: 2217, Time: 00:04:58

Health: -5/32      AC:  2    Str: 10    XL:     4   Next: 50%
Magic:  1/13       EV: 13    Int: 15    God:    Cheibriados [......]
Gold:   107        SH:  0    Dex: 13    Spells: 12/17 levels left

rFire    . . .     SeeInvis .   f - +1 dagger (flame)
rCold    . . .     Faith    .   (no shield)
rNeg     . . .     Spirit   .   b - +0 robe
rPois    .         Reflect  .   c - +0 hat
rElec    .         Harm     .   (no cloak)
rCorr    .         Rampage  .   (no gloves)
Will     .....                  (no boots)
Stlth    +++.......             (no amulet)
HPRegen  0.10/turn              (no ring)
MPRegen  0.13/turn              (no ring)

@: very slightly contaminated, very slow
A: fangs 1, strong nose, distributed training
a: Renounce Religion, Bend Time


You were on level 3 of the Dungeon.
You worshipped Cheibriados.
Cheibriados was noncommittal.
You visited 1 branch of the dungeon, and saw 3 of its levels.

You collected 107 gold pieces.

Inventory:

Hand Weapons
 a - a +0 dagger
 f - a +1 dagger of flaming (weapon)
 m - a +1 whip of flaming
Missiles
 h - 7 atropa-tipped darts
Armour
 b - a +0 robe (worn)
 c - a +0 hat (worn)
Jewellery
 j - a ring of protection from cold
Scrolls
 d - a scroll of enchant weapon {unknown}
 e - a scroll of magic mapping
 i - a scroll of teleportation {unknown}
 k - a scroll of immolation {unknown}
Potions
 l - a potion of berserk rage {unknown}
 n - a potion of lignification {unknown}


   Skills:
 + Level 1.1 Fighting
 + Level 1.1 Short Blades
 + Level 1.1 Long Blades
 + Level 1.1 Axes
 + Level 1.1 Maces & Flails
 + Level 1.1 Polearms
 + Level 1.1 Staves
 + Level 1.1 Slings
 + Level 1.1 Bows
 + Level 1.1 Crossbows
 + Level 1.1 Throwing
 + Level 1.1 Armour
 + Level 4.6 Dodging
 + Level 4.2 Stealth
 + Level 1.1 Shields
 + Level 1.1 Unarmed Combat
 + Level 7.2 Spellcasting
 + Level 2.2 Conjurations
 + Level 0.9 Hexes
 + Level 2.2 Summonings
 + Level 0.9 Necromancy
 + Level 2.2 Translocations
 + Level 0.9 Transmutations
 + Level 0.9 Fire Magic
 + Level 0.9 Ice Magic
 + Level 0.9 Air Magic
 + Level 0.9 Earth Magic
 + Level 0.9 Poison Magic
 + Level 1.2 Invocations
 + Level 1.1 Evocations


You had 12 spell levels left.
You knew the following spells:

 Your Spells              Type           Power      Damage    Failure   Level
a - Magic Dart            Conj           48%        1d5       5%          1
b - Blink                 Tloc           N/A        N/A       8%          2
c - Call Imp              Summ           12%        N/A       8%          2

Your spell library contained the following spells:

 Spells                   Type           Power      Damage    Failure   Level
 Slow                     Hex            8%         N/A       14%         2
 Conjure Flame            Conj/Fire      10%        6-21      21%         3
 Mephitic Cloud           Conj/Pois/Air  9%         N/A       22%         3


Dungeon Overview and Level Annotations

Branches:
Dungeon (3/15)

Altars:
Cheibriados

Annotations:
D:3 Natasha


Innate Abilities, Weirdness & Mutations

You have very sharp teeth.
Your uncanny sense of smell can sniff out nearby items.
Your experience applies equally to all skills.


Message History

m - a +1 whip of flaming The ice beast hits you.
The ice beast freezes you!
You hit the ice beast but do no damage.
The ice beast is lightly wounded.
Your crimson imp barely misses the ice beast.
Your white imp barely misses the ice beast.
The ice beast closely misses you.
You hit the ice beast.
You melt the ice beast.
The ice beast is moderately wounded.
Your crimson imp misses the ice beast.
You hit the ice beast.
You melt the ice beast.
You bite the ice beast, but do no damage.
The ice beast is moderately wounded.
Your white imp barely misses the ice beast.
The ice beast hits you but does no damage.
You hit the ice beast.
You melt the ice beast.
The ice beast is moderately wounded.
Your crimson imp barely misses the ice beast.
Your white imp hits the ice beast but does no damage.
The ice beast barely misses you.
You hit the ice beast but do no damage.
The ice beast is moderately wounded.
Your crimson imp hits the ice beast but does no damage.
Your white imp hits the ice beast.
Your white imp freezes the ice beast.
The ice beast completely resists.
The ice beast barely misses you.
You closely miss the ice beast.
The ice beast is moderately wounded.
Your crimson imp hits the ice beast.
Your white imp hits the ice beast.
Your white imp freezes the ice beast.
The ice beast completely resists.
The ice beast hits you. The ice beast freezes you!
* * * LOW HITPOINT WARNING * * *
Okay, then.
You closely miss the ice beast.
The ice beast is heavily wounded.
Your white imp disappears in a puff of smoke!
Your crimson imp completely misses the ice beast.
The ice beast hits you.
* * * LOW HITPOINT WARNING * * *
The ice beast freezes you!
You die...

,,* #.#.# ,,* #.#.# ,,*
#######†#.#
,,****#......[..#
,,,,,...........#
,,,,,...........#
,,,,,...........#
,,**,##.........########
,,**,*######....@......#
****,* #....Y......# *,*
#....5§.....# *,*
#...........# *,*
#...........# *,*
#...........# ****,*
#...........# ,,,,,*
#.....[.....# ,*****
#...........#


You could see an ice beast (ally target) and a friendly crimson imp (summoned).

Vanquished Creatures
  An orc priest (D:3)
  A dart slug (D:1)
  3 orcs (D:3)
  7 ball pythons
  7 endoplasms
  2 giant cockroaches
  7 goblins
  2 hobgoblins (D:2)
  A quokka (D:2)
  4 bats
  3 frilled lizards
  A kobold (D:1)
  5 rats
44 creatures vanquished.

Vanquished Creatures (collateral kills)
  An adder (D:3)
1 creature vanquished.

Grand Total: 45 creatures vanquished

Notes
Turn   | Place    | Note
-------+----------+-------------------------------------------
     0 | D:1      | freelancePsychic the Gnoll Hedge Wizard began the quest for
                  | the Orb.
     0 | D:1      | Reached XP level 1. HP: 13/13 MP: 8/8
   173 | D:1      | Reached XP level 2. HP: 19/19 MP: 3/10
   554 | D:1      | Reached XP level 3. HP: 25/25 MP: 11/11
  1136 | D:2      | Reached skill level 1 in Invocations
  1311 | D:2      | Learned a level 2 spell: Blink
  1314 | D:2      | Learned a level 2 spell: Call Imp
  1457 | D:2      | Found a snail-covered altar of Cheibriados.
  1482 | D:2      | Became a worshipper of Cheibriados the Contemplative
  1813 | D:3      | Reached skill level 1 in Fighting
  1813 | D:3      | Reached skill level 1 in Short Blades
  1813 | D:3      | Reached skill level 1 in Long Blades
  1813 | D:3      | Reached skill level 1 in Axes
  1813 | D:3      | Reached skill level 1 in Maces & Flails
  1813 | D:3      | Reached skill level 1 in Polearms
  1813 | D:3      | Reached skill level 1 in Staves
  1813 | D:3      | Reached skill level 1 in Slings
  1813 | D:3      | Reached skill level 1 in Bows
  1813 | D:3      | Reached skill level 1 in Crossbows
  1813 | D:3      | Reached skill level 1 in Throwing
  1813 | D:3      | Reached skill level 1 in Armour
  1813 | D:3      | Reached skill level 1 in Shields
  1813 | D:3      | Reached skill level 1 in Unarmed Combat
  1813 | D:3      | Reached skill level 1 in Evocations
  1813 | D:3      | Reached XP level 4. HP: 7/32 MP: 2/13
  2080 | D:3      | Noticed Natasha
  2197 | D:3      | Noticed an ice beast
  2217 | D:3      | Slain by an ice beast

Illustrated notes

Levels and vault maps discovered:
D:1:      onia_arrival_mini_maze_b, layout_rooms, item_on_display_b
D:2:      layout_rooms, basic_altar, serial_curves, eino_curves_02,
          eino_curves_04
D:3:      layout_basic, uniq_natasha

Skill      XL: |  1  2  3 |
---------------+----------+-----
Conjurations   | 2 |  2.2
Summonings     | 2 |  2.2
Translocations | 2 |  2.2
Invocations    | 1 |  1.2
Fighting       | 1 |  1.1
Short Blades   | 1 |  1.1
Long Blades    | 1 |  1.1
Axes           | 1 |  1.1
Maces & Flails | 1 |  1.1
Polearms       | 1 |  1.1
Staves         | 1 |  1.1
Slings         | 1 |  1.1
Bows           | 1 |  1.1
Crossbows      | 1 |  1.1
Throwing       | 1 |  1.1
Armour         | 1 |  1.1
Shields        | 1 |  1.1
Unarmed Combat | 1 |  1.1
Evocations     | 1 |  1.1
Dodging        | |  4.6
Stealth        | |  4.2
Spellcasting   | |  7.2
Hexes          | |  0.9
Necromancy     | |  0.9
Transmutations | |  0.9
Fire Magic     | |  0.9
Ice Magic      | |  0.9
Air Magic      | |  0.9
Earth Magic    | |  0.9
Poison Magic   | |  0.9

Action                   |  1- 3 |  4- 6 || total
-------------------------+-------+-------++-------
Melee: Dagger            |    27 |     8 ||    35
       Bite              |     1 |     1 ||     2
 Cast: Magic Dart        |    64 |     7 ||    71
       Blink             |     1 |     2 ||     3
       Call Imp          |       |     4 ||     4
  Use: Potion            |     1 |       ||     1
       Scroll            |       |     2 ||     2
 Stab: Sleeping          |     3 |       ||     3
Armor: Robe              |     6 |     2 ||     8
Dodge: Dodged            |    22 |     8 ||    30

Table legend: (Time is in decaauts)
 A = Elapsed time spent in this place.
 B = Non-inter-level travel time spent in this place.
 C = Inter-level travel time spent in this place.
 D = Time resting spent in this place.
 E = Time spent auto-exploring this place.
 F = Levels seen in this place.
 G = Mean time per level.
                   A        B        C        D        E       F      G
               +--------+--------+--------+--------+--------+-----+--------+
         Total |   2313 |   2220 |     93 |      0 |   1917 |   3 |  771.0 |
       Dungeon |   2313 |   2220 |     93 |      0 |   1917 |   3 |  771.0 |
               +--------+--------+--------+--------+--------+-----+--------+

Top non-repeatable levels by time:
     D:1: 959 daAuts
     D:2: 689 daAuts
     D:3: 664 daAuts
